 Dungeon Crawl Stone Soup version 0.28.0-49-g6dfe1f597d (webtiles) character file.

Game seed: 12960755309055639690

66 Peloso the Covered (level 3, 33/33 HPs)
             Began as a Minotaur Fighter on May 14, 2022.
             Got out of the dungeon alive.
             The game lasted 00:02:45 (1333 turns).

Peloso the Covered (Minotaur Fighter)               Turns: 1333, Time: 00:02:46

Health: 33/33      AC: 13    Str: 20    XL:     3   Next: 96%
Magic:  2/2        EV:  5    Int:  7    God:
Gold:   61         SH:  4    Dex:  9    Spells: 2/2 levels left

rFire   . . .      SeeInvis .   a - +0 long sword
rCold   . . .      Faith    .   c - +0 buckler
rNeg    . . .      Spirit   .   j - +0 plate armour
rPois   .          Reflect  .   (helmet restricted)
rElec   .          Harm     .   (no cloak)
rCorr   .          Rampage  .   l - +0 pair of gloves
Will    .....                   (no boots)
Stlth   ..........              (no amulet)
HPRegen 0.11/turn               (no ring)
MPRegen 0.08/turn               (no ring)

@: no status effects
A: horns 2, retaliatory headbutt, hooves 1, clever 1, clumsy 1
a: no special abilities


You escaped.
You visited 1 branch of the dungeon, and saw 2 of its levels.

You collected 61 gold pieces.

Inventory:

Hand Weapons
 a - a +0 long sword (weapon)
Armour
 b - a +1 scale mail of fire resistance
 c - a +0 buckler (worn)
 h - a +0 chain mail
 j - a +0 plate armour (worn)
 l - a +0 pair of gloves (worn)
Jewellery
 g - a ring of ice
Scrolls
 i - a scroll of identify {unknown}
 k - a scroll of amnesia {unknown}
 m - a scroll of summoning {unknown}
Potions
 d - a potion of might
 e - a potion of invisibility


   Skills:
 + Level 4.1 Fighting
 + Level 3.5 Long Blades
 + Level 4.5 Armour
 + Level 0.1 Dodging
 + Level 0.2 Stealth
 + Level 4.0 Shields


You had 2 spell levels left.
You didn't know any spells.
Your spell library contained the following spells:

 Spells                   Type           Power      Damage    Failure   Level
 Sandblast                Erth           0%         2d4       100%        1
 Passwall                 Tmut/Erth      0%         N/A       100%        2
 Stone Arrow              Conj/Erth      0%         3d7       100%        3


Dungeon Overview and Level Annotations

Branches:
Dungeon (2/15)

Altars:

Shops:
D:1 !


Innate Abilities, Weirdness & Mutations

You have a pair of horns on your head.
You reflexively headbutt those who attack you in melee.
You have large cloven feet.
Your mind is acute. (Int +2)
You are clumsy. (Dex -2)


Message History

You see here a ball python corpse.
You see here a +0 pair of gloves.
l - a +0 pair of gloves You start putting on your armour.
You continue putting on your +0 pair of gloves. x4
You finish putting on your +0 pair of gloves.
m - a scroll labelled RIUPSA JAFI
Found a faded altar of an unknown god.
There is a faded altar of an unknown god here.
A ball python comes into view.
Found 7 gold pieces.
The ball python hisses angrily.
A ball python is nearby!
You barely miss the ball python. The ball python barely misses you. x2
The ball python bites you but does no damage.
You block the ball python's attack.
You completely miss the ball python.
The ball python bites you but does no damage.
You block the ball python's attack.
The ball python bites you but does no damage.
The ball python grabs you. The ball python constricts you.
You hit the ball python.
You kill the ball python!
You see here a ball python corpse.
It was a potion of mutation.
You feel extremely strange.
You feel clever.
You feel clumsy.
Your feet thicken and deform.
(D) Dungeon
Where to? (? - help)
What level of the Dungeon? (default 1, ? - help)
There is a faded altar of an unknown god here.
There is a stone staircase leading down here.
You see here a ball python corpse.
There is a stone staircase leading up here.
You climb upwards.
There is a stone staircase leading down here.
You see here a +0 leather armour.
There is an open door here.
There is a staircase leading out of the dungeon here.
Are you sure you want to leave the Dungeon?
This will make you lose the game!
You have escaped!

#.....# #...# #.#
......# ###...### #.#
#.....# #.......# #.#
).....####.......####.#
.####.#.............#.#
## #.#......⌠......'.#
## #.#.......[.....#.#
.#
#.####.......####.###
.## #.# #......@# #...#
..# #.# ###...### #...#
#.# #.# #...# #...#
#.##### #...# #...#
#.....#######'## ##...#
...............# #....#
........####.### #....#
........# #..# #....#
........# ##.####
######


There were no monsters in sight!

Vanquished Creatures
  Terence (D:2)
  A worm (D:2)
  A dart slug (D:2)
  6 endoplasms
  5 giant cockroaches
  5 goblins
  4 hobgoblins
  4 ball pythons
  3 bats
  2 kobolds (D:1)
  4 rats
36 creatures vanquished.

Notes
Turn   | Place    | Note
-------+----------+-------------------------------------------
     0 | D:1      | Peloso the Minotaur Fighter began the quest for the Orb.
     0 | D:1      | Reached XP level 1. HP: 19/19 MP: 0/0
   241 | D:1      | Reached XP level 2. HP: 18/27 MP: 1/1
   381 | D:1      | Found Muihegips's Distillery.
   629 | D:1      | You fall into a shaft and drop 1 floor!
   868 | D:2      | Reached XP level 3. HP: 32/33 MP: 2/2
  1120 | D:2      | Noticed Terence
  1124 | D:2      | Killed Terence
  1236 | D:2      | Found a faded altar of an unknown god.
  1252 | D:2      | Gained mutation: Your mind is acute. (Int +2) [potion of
                  | mutation]
  1252 | D:2      | Gained mutation: You are clumsy. (Dex -2) [potion of
                  | mutation]
  1252 | D:2      | Gained mutation: You have large cloven feet. [potion of
                  | mutation]
  1333 | D:$      | Got out of the dungeon alive.

Illustrated notes

Levels and vault maps discovered:
D:1:      minmay_arrival_cross, layout_rooms, serial_shops,
          nicolae_diamond_shop, minmay_cut_off
D:2:      layout_basic, basic_ecumenical_altar, minmay_octomino_e4,
          uniq_terence, uniq_natasha

Skill      XL: |  1  2  3 |
---------------+----------+-----
Armour         | 4 |  4.5
Fighting       | 4 |  4.1
Long Blades    | 3 |  3.5
Shields        | 4 |  4.0
Dodging        | |  0.1
Stealth        | |  0.2

Action                   || total
-------------------------++-------
Melee: Long sword        ||    80
       Headbutt          ||     8
  Use: Potion            ||     3
 Stab: Invisible         ||     1
Armor: Scale mail        ||    13
       Chain mail        ||    12
       Plate armour      ||    15
Dodge: Dodged            ||    39
Block: Buckler           ||    26
